 Seeded DCSS version 0.27-a0-1181-g5f64966 (webtiles) character file.

Game seed: 3130199373245952392 (custom seed)

3177 Illumine the Basher (level 9, -2/56 HPs)
             Began as a Gargoyle Monk on May 17, 2021.
             Was a Believer of Okawaru.
             Slain by a komodo dragon (19 damage)
             ... on level 8 of the Dungeon.
             The game lasted 00:29:24 (14505 turns).

Illumine the Basher (Gargoyle Monk)                Turns: 14505, Time: 00:29:24

Health: -2/56      AC: 16    Str: 17    XL:     9   Next: 95%
Magic:  19/19      EV: 11    Int: 12    God:    Okawaru [**....]
Gold:   287        SH:  5    Dex: 12    Spells: 7/8 levels left

rFire    . . .     SeeInvis .   a - +1 flail (vorpal)
rCold    + . .     Faith    .   A - +0 buckler
rNeg     + . .     Spirit   .   o - +2 ring mail {rC+}
rPois    ∞         Reflect  .   j - +0 helmet
rElec    +         Harm     .   (no cloak)
rCorr    .         Rampage  .   (no gloves)
Will     .....                  (no boots)
Stlth    +.........             x - amulet of the acrobat
HPRegen  0.18/turn              l - ring of magical power
MPRegen  0.16/turn              (no ring)

@: studying Shields
A: sickness immunity, AC +6, negative energy resistance 1, electricity
resistance, torment resistance 1, petrification resistance
a: Renounce Religion, Heroism


You were on level 8 of the Dungeon.
You worshipped Okawaru.
Okawaru was pleased with you.
You visited 2 branches of the dungeon, and saw 9 of its levels.

You collected 307 gold pieces.
You spent 20 gold pieces at shops.

Inventory:

Hand Weapons
 a - a +1 vorpal flail (weapon)
 b - the +9 hand crossbow "Apluoq Ceshy" {speed, rCorr Dex+4 Stlth-}
   (You took it off a wight on level 6 of the Dungeon)

   Attacks with this weapon are significantly faster.
   It affects your dexterity (+4).
   It protects you from acid and corrosion.
   It makes you less stealthy.
Missiles
 u - 18 poisoned darts (quivered)
 B - 68 bolts
Armour
 j - a +0 helmet (worn)
 o - a +2 ring mail of cold resistance (worn)
 A - a +0 buckler (worn)
Jewellery
 l - a ring of magical power (left hand)
 x - an amulet of the acrobat (around neck)
Wands
 q - a wand of charming (4)
Scrolls
 d - a scroll of enchant weapon {unknown}
 f - a scroll of vulnerability {unknown}
 i - 2 scrolls of teleportation {unknown}
 m - 2 scrolls of blinking {unknown}
 t - a scroll of amnesia {unknown}
 v - 2 scrolls of fog
 y - a scroll of silence {unknown}
 D - a scroll of enchant armour {unknown}
Potions
 e - a potion of heal wounds
 g - 4 potions of curing
 h - 3 potions of magic
 k - a potion of might {unknown}
 n - 3 potions of mutation
 p - a potion of lignification {unknown}
 s - 3 potions of attraction
 C - 2 potions of haste
 E - a potion of brilliance {unknown}


   Skills:
 + Level 6.9 Fighting
 - Level 3.0 Short Blades
 + Level 8.8 Maces & Flails
 + Level 2.6 Crossbows
 + Level 6.5 Armour
 - Level 3.0 Dodging
 - Level 2.1 Stealth
 + Level 5.4 Shields
 + Level 1.5 Invocations


You had 7 spell levels left.
You knew the following spells:

 Your Spells              Type           Power      Damage    Failure   Level
a - Foxfire               Conj/Fire      0%         2x1d4     50%         1

Your spell library contained the following spells:

 Spells                   Type           Power      Damage    Failure   Level
 Animate Skeleton         Necr           0%         N/A       50%         1
 Apportation              Tloc           0%         N/A       50%         1
 Corona                   Hex            0%         N/A       50%         1
 Summon Small Mammal      Summ           0%         N/A       50%         1
 Conjure Flame            Conj/Fire      0%         6-21      86%         3
 Inner Flame              Hex/Fire       0%         N/A       86%         3
 Cause Fear               Hex            0%         N/A       99%         4
 Sticky Flame             Conj/Fire      0%         2d3       99%         4
 Fireball                 Conj/Fire      0%         3d3       100%        5
 Silence                  Hex/Air        0%         N/A       100%        5
 Yara's Violent Unravell  Hex/Tmut       0%         3d3       100%        5
 Discord                  Hex            0%         N/A       100%        8


Dungeon Overview and Level Annotations

Branches:
Dungeon (8/15)             Temple (1/1) D:7
   Lair: D:8-11

Altars:
Cheibriados
Dithmenos
Elyvilon
Fedhas
Gozag
Hepliaklqana
Makhleb
Okawaru
Qazlal
Ru
Trog
Uskayaw
Vehumet
Wu Jian
Xom
Yredelemnul
Zin

Shops:
D:2 =   D:7 *


Innate Abilities, Weirdness & Mutations

You are immune to sickness and miasma.
Your stone body is resilient. (AC +6)
You are immune to poison.
You resist negative energy. (rN+)
You are resistant to electric shocks. (rElec)
You are resistant to unholy torment.
You are immune to petrification.


Message History

The bullfrog hits you.
The bullfrog hits you but does no damage.
You barely miss the bullfrog.
The bullfrog is heavily wounded.
The bullfrog hits you but does no damage.
You thump the bullfrog!
The bullfrog is almost dead.
The bullfrog hits you but does no damage. x2
You sock the bullfrog!
You kill the bullfrog!
Okawaru accepts your kill. The water moccasin bites you.
You closely miss the water moccasin.
The water moccasin bites you but does no damage.
You hit the water moccasin but do no damage.
The water moccasin bites you but does no damage.
You sock the water moccasin!
The water moccasin is moderately wounded.
The water moccasin bites you. The water moccasin closely misses you.
You hit the water moccasin.
The water moccasin is severely wounded.
The water moccasin bites you.
You sock the water moccasin!
You kill the water moccasin!
Okawaru accepts your kill.
You hit the komodo dragon.
The komodo dragon is lightly wounded.
The komodo dragon bites you!
You closely miss the komodo dragon. The komodo dragon bites you!
You barely miss the komodo dragon. The komodo dragon closely misses you.
You closely miss the komodo dragon.
The komodo dragon completely misses you.
You hit the komodo dragon but do no damage.
You block the komodo dragon's attack.
You closely miss the komodo dragon. The komodo dragon bites you!
As you read the scroll of fear, it crumbles to dust.
You assume a fearsome visage.
The komodo dragon resists with some effort.
The komodo dragon bites you!!
You die...

#.>........................
#..#########.############.#
#..#####...#.# ###### #.#
#..........#.# #....# #.#
#...####...#.# #....# #.#
#...######.#.####....####.#
#..........................
#####...######.#.####....####.#
#...#...# #@#.# #....# #.#
#...#...######l#.# #....# #.#
##.).#.........<..# #....# #.#
#.......########### #....# #(#
#....##)# .....# #.# #....##.#
##....# #.# #....##.# #....##.#
#....##.#


You could see a komodo dragon.

Vanquished Creatures
  Grinder (D:4)
  Sigmund (D:5)
  A water moccasin (D:8)
  2 orc warriors (D:6)
  A black bear (D:5)
  2 necrophages
  A sky beast (D:5)
  A centaur (D:7)
  An ogre (D:6)
  A kobold brigand (D:6)
  2 bullfrogs (D:8)
  A wyvern skeleton (D:6)
  2 water moccasin zombies
  A water moccasin skeleton (D:4)
  15 wights
  3 howler monkeys
  2 bullfrog zombies
  A jelly (D:4)
  3 hounds
  A centaur zombie (D:7)
  4 orc priests
  A gnoll shaman (D:6)
  2 iguanas
  2 centaur skeletons
  5 orc wizards
  A killer bee zombie (D:7)
  8 gnolls
  5 adders
  An adder skeleton (D:5)
  A worm (D:2)
  A dart slug (D:5)
  24 orcs
  7 endoplasms
  4 giant cockroaches
  3 goblins
  5 hobgoblins
  14 jackals
  14 kobolds
  4 quokkas
  7 ball pythons
  4 bats
  2 frilled lizards (D:2)
  A rat (D:1)
163 creatures vanquished.

Vanquished Creatures (collateral kills)
  An adder (D:5)
1 creature vanquished.

Vanquished Creatures (others)
  22 foxfires
  40 fungi (D:8)
  50 plants
112 creatures vanquished.

Grand Total: 276 creatures vanquished

Notes
Turn   | Place    | Note
-------+----------+-------------------------------------------
     0 | D:1      | Illumine the Gargoyle Monk began the quest for the Orb.
     0 | D:1      | Reached XP level 1. HP: 14/14 MP: 1/1
   417 | D:1      | Reached XP level 2. HP: 10/19 MP: 2/2
   747 | D:1      | Reached skill level 1 in Maces & Flails
   801 | D:1      | Found a faded altar of an unknown god.
  1052 | D:1      | Reached XP level 3. HP: 19/23 MP: 3/3
  1567 | D:2      | Found Dial's Jewellery Boutique.
  1808 | D:2      | Reached skill level 2 in Maces & Flails
  2218 | D:2      | Reached XP level 4. HP: 25/28 MP: 4/4
  3086 | D:3      | Learned a level 1 spell: Foxfire
  3188 | D:3      | Found a shadowy altar of Dithmenos.
  3708 | D:3      | Found a basalt altar of Yredelemnul.
  4073 | D:4      | Reached skill level 3 in Maces & Flails
  4073 | D:4      | Reached skill level 1 in Armour
  4144 | D:3      | Reached XP level 5. HP: 12/32 MP: 5/5
  4439 | D:3      | Reached skill level 4 in Maces & Flails
  5138 | D:3      | Reached XP level 6. HP: 13/37 MP: 6/6
  5356 | D:4      | Noticed Grinder
  5453 | D:5      | Entered Level 5 of the Dungeon
  5453 | D:5      | Noticed an orc warrior
  5733 | D:4      | Found a snail-covered altar of Cheibriados.
  6854 | D:4      | Reached skill level 5 in Maces & Flails
  7083 | D:5      | Noticed a sky beast
  7115 | D:4      | Reached XP level 7. HP: 27/42 MP: 7/7
  7829 | D:5      | Reached skill level 6 in Maces & Flails
  7966 | D:5      | Found a white marble altar of Elyvilon.
  8102 | D:5      | Found a radiant altar of Vehumet.
  8103 | D:5      | Found a burning altar of Makhleb.
  8103 | D:5      | Found a hide-covered altar of Uskayaw.
  8105 | D:5      | Found a glowing silver altar of Zin.
  8335 | D:5      | Noticed Sigmund
  8507 | D:6      | Reached XP level 8. HP: 18/48 MP: 8/8
  9066 | D:6      | Reached skill level 1 in Shields
  9362 | D:6      | Reached skill level 5 in Fighting
  9474 | D:6      | Found a shimmering altar of Xom.
  9475 | D:6      | Found a hazy altar of Hepliaklqana.
  9476 | D:6      | Noticed a spectral ugly thing
  9694 | D:6      | Reached skill level 7 in Maces & Flails
 10465 | D:6      | Reached skill level 5 in Armour
 11051 | D:7      | Reached XP level 9. HP: 42/55 MP: 9/9
 11460 | D:7      | Reached skill level 8 in Maces & Flails
 11540 | D:7      | Identified the +9 hand crossbow "Apluoq Ceshy" {speed,
                  | rCorr Dex+4 Stlth-}
 12140 | D:7      | Found Byryel's General Store.
 12147 | D:7      | Bought a scroll of identify for 20 gold pieces
 12476 | D:7      | Reached skill level 1 in Crossbows
 13408 | D:5      | Found a hide-covered altar of Uskayaw.
 13408 | D:5      | Found a burning altar of Makhleb.
 13415 | D:5      | Killed Sigmund
 13417 | D:5      | Found a glowing silver altar of Zin.
 13419 | D:5      | Found a white marble altar of Elyvilon.
 13420 | D:5      | Found a radiant altar of Vehumet.
 13612 | D:7      | Found an opulent altar of Gozag.
 13695 | D:7      | Found a staircase to the Ecumenical Temple.
 13703 | Temple   | Entered the Ecumenical Temple
 13720 | Temple   | Became a worshipper of Warmaster Okawaru
 13720 | Temple   | Reached * piety under Okawaru
 13720 | Temple   | Reached ** piety under Okawaru
 14254 | D:4      | Paralysed by Grinder for 4 turns
 14263 | D:4      | Killed Grinder
 14264 | D:4      | Reached skill level 5 in Shields
 14264 | D:4      | Reached skill level 1 in Invocations
 14459 | D:8      | Noticed a komodo dragon
 14505 | D:8      | Slain by a komodo dragon

Illustrated notes

Levels and vault maps discovered:
D:1:      wheals_arrival_shading, layout_rooms,
          chequers_ecumenical_altar_twisty, minmay_tetromino_t4
D:2:      layout_loops_ring, serial_shops, shop, minmay_liquid_box, st_stairs_4,
          roderic_lattice_a, kennysheep_minor_cross
D:3:      layout_basic, lemuel_round_altar, lemuel_doored_altar, minivault_4,
          grunt_decor_resistance, corexii_shack
D:4:      layout_cave_pools, marbit_many_paths, uniq_grinder
D:5:      layout_basic, grunt_temple_overflow_open, uniq_sigmund
D:6:      layout_gridville, regret_index_temple_of_mockery
D:7:      layout_cave_pools, lemuel_round_altar, minmay_temple_entry_wispy,
          serial_shops, kennysheep_mini, minmay_manual_maat
D:8:      layout_basic, due_lair_maze_entry_diamond, minmay_radiant,
          uniq_maurice
Temple:   chequers_temple_sunken

Skill      XL: |  1  2  3  4  5  6  7  8  9 |
---------------+----------------------------+-----
Maces & Flails | 1 2 3 4 5 6 7 8 |  8.8
Short Blades   | 3 |  3.0
Dodging        | 3 |  3.0
Armour         | 1 2 3 4 5 6 |  6.5
Fighting       | 4 5 6 |  6.9
Shields        | 3 5 |  5.4
Crossbows      | 2 |  2.6
Invocations    | 1 |  1.5
Stealth        | |  2.1

Action                   |  1- 3 |  4- 6 |  7- 9 || total
-------------------------+-------+-------+-------++-------
Melee: Short sword       |   160 |    62 |       ||   222
       Flail             |       |   168 |   458 ||   626
       War axe           |       |     5 |       ||     5
 Fire: Hand crossbow     |       |       |    35 ||    35
Throw: Stone             |    32 |    35 |    29 ||    96
       Dart              |       |     6 |    12 ||    18
       Throwing net      |       |       |     1 ||     1
 Cast: Foxfire           |       |    14 |       ||    14
Evoke: Wand              |       |     4 |     2 ||     6
  Use: Scroll            |     1 |     2 |     5 ||     8
 Stab: Sleeping          |     1 |     1 |       ||     2
       Held in net/web   |       |       |     1 ||     1
Armor: Robe              |    56 |    26 |       ||    82
       Ring mail         |       |     3 |    48 ||    51
       Chain mail        |       |    87 |    58 ||   145
       Plate armour      |       |       |   191 ||   191
Dodge: Dodged            |   104 |   107 |   176 ||   387
Block: Buckler           |       |       |    70 ||    70

Table legend: (Time is in decaauts)
 A = Elapsed time spent in this place.
 B = Non-inter-level travel time spent in this place.
 C = Inter-level travel time spent in this place.
 D = Time resting spent in this place.
 E = Time spent auto-exploring this place.
 F = Levels seen in this place.
 G = Mean time per level.
                   A        B        C        D        E       F      G
               +--------+--------+--------+--------+--------+-----+--------+
         Total |  14600 |  13562 |   1038 |   6253 |   4152 |   9 | 1622.2 |
       Dungeon |  14568 |  13540 |   1028 |   6253 |   4141 |   8 | 1821.0 |
        Temple |     31 |     21 |     10 |      0 |     11 |   1 |   31.0 |
               +--------+--------+--------+--------+--------+-----+--------+

Top non-repeatable levels by time:
     D:6: 3543 daAuts
     D:3: 2588 daAuts
     D:5: 2089 daAuts
     D:2: 1727 daAuts
     D:4: 1555 daAuts
     D:1: 1424 daAuts
     D:7: 1194 daAuts
     D:8: 446 daAuts
  Temple: 31 daAuts
